[Event "*** Titled Tuesday Blitz"]
[Site "Chess.com"]
[Date "2020.04.28"]
[Round "4"]
[White "Artem_Sadovsky"]
[Black "827883"]
[Result "1-0"]
[WhiteElo "2562"]
[BlackElo "2175"]
[TimeControl "180+1"]
[EndTime "10:41:13 PDT"]
[Termination "Artem_Sadovsky won by checkmate"]

1. Nf3 d5 2. g3 g6 3. Bg2 Bg7 4. O-O e6 5. c4 Ne7 6. d4 O-O 7.
Nc3 Nbc6 8. c5 b6 9. Bf4 Ba6 10. Qa4 Nb8 11. Rfc1 bxc5 12. dxc5 Bb7 13. Ne5 Nbc6 14. Nd3 e5 15. Bg5 f6 16. Bd2 Rb8 17.
b4 a6 18. Rab1 g5 19. Qb3 Nd4 20. Qd1 Kh8 21. e3 Ndc6 22. Qh5 e4 23. Ne1 Qe8 24. Qxe8 Rfxe8 25. Nc2 Red8 26. Ne2 f5 27. Ncd4 Nxd4 28. Nxd4 Bxd4 29. exd4 h6 30. h4 gxh4 31. gxh4 Kg7 32. Bf4 Rdc8 33. Be5+ Kf7 34. a4 Ng6 35. c6 Ba8 36. b5 Nxe5 37. dxe5 axb5 38. axb5 Ke6 39. f4 exf3 40. Bxf3 Kxe5 41. Rc5 Kf4 42. Kf2 d4 43. Rb4 Rd8 44. Bd5 Ke5 45. Bf3+ Kf4 46. Be2 Rd6 47. Bd3 Kg4 48. Bxf5+ Kxh4 49. Rb1 Rf8 50. Rh1+ Kg5 51. Rg1+ Kf4 52. Rg4# 1-0

[Event "*** Titled Tuesday Blitz"]
[Site "Chess.com"]
[Date "2020.04.28"]
[Round "4"]
[White "White_Ghost"]
[Black "mjray79"]
[Result "1-0"]
[WhiteElo "2453"]
[BlackElo "2256"]
[TimeControl "180+1"]
[EndTime "10:41:13 PDT"]
[Termination "White_Ghost won by checkmate"]

1. d4 Nf6 2. c4 g6 3. g3 Bg7 4. Bg2 O-O 5. Nc3 d6 6. Nf3 Nc6 7. O-O a6 8. e4 Bg4 9. h3 Bxf3 10. Bxf3 e5 11. d5 Ne7 12. Bg2 Nd7 13. Be3 f5 14. exf5 gxf5 15. f4 e4 16. Bd4 a5 17. Bxg7 Kxg7 18. Qd4+ Nf6 19. g4 c5 20. Qd1 Qd7 21. g5 Nfg8 22. Qd2 Ng6 23. Nd1 h6 24. Qf2 hxg5 25. fxg5 f4 26. Bxe4 Qxh3 27. Qg2 Qxg2+ 28. Bxg2 Rae8 29. Nc3 Re5 30. Kf2 Rxg5 31. Ne4 Re5 32. Nxd6 Nh4 33. Rg1 Rg5 34. Bh3 Rxg1 35. Rxg1+ Kh6 36.
Be6 Nf6 37. Nf5+ Nxf5 38. Bxf5 Nh5 39. Rg6+ Kh7 40. Rf6+ Kg7 41. Rxf8 Kxf8 42. Kf3 Kf7 43. Bg4 Nf6 44. Kxf4 Kg6 45. Bf5+ Kf7 46. Ke5 Ne8 47. d6 Nxd6 48. Kxd6 Kf6 49. Kxc5 Kxf5 50. Kb6 Ke4 51.
Kxb7 Kd3 52. c5 Kc2 53. c6 Kxb2 54. c7 Kxa2 55. c8=Q Kb1 56. Qc4 a4 57. Qxa4 Kb2 58. Qc4 Kb1 59. Qc3 Ka2 60. Qb4 Ka1 61. Kc6 Ka2 62. Kc5 Ka1 63. Kc4 Ka2 64. Kc3 Ka1 65. Qb2# 1-0

[Event "*** Titled Tuesday Blitz"]
[Site "Chess.com"]
[Date "2020.04.28"]
[Round "4"]
[White "Bagirova"]
[Black "guillembaches"]
[Result "0-1"]
[WhiteElo "2216"]
[BlackElo "2431"]
[TimeControl "180+1"]
[EndTime "10:41:13 PDT"]
[Termination "guillembaches won by resignation"]

1. e4 c5 2. Nf3 d6 3. d4 cxd4 4.
Nxd4 Nf6 5. Nc3 a6 6. a4 g6 7. Be3 Bg7 8. Be2 O-O 9. O-O Nc6 10. h3 Bd7 11. Nb3 Rc8 12. f4 Be6 13. Bf3 Na5 14. Nxa5 Qxa5 15. Qd2 Rfd8 16. Qf2 Nd7 17. Bd2 Qc5 18. Be3 Qb4 19. Nd5 Bxd5 20. exd5 Qxb2 21. Rac1 Nc5 22. Bg4 Rc7 23. f5 Ne4 24. Qf3 Nf6 25.
fxg6 hxg6 26. c4 Rf8 27. c5 dxc5 28. Rxc5 Rxc5 29. Bxc5 Nxg4 30. Qxg4 Bf6 31. Rxf6 Qxf6 32. Qe4 Re8 33. d6 Qf5 34. Qe3 Qe6 35. Qxe6 fxe6 36.
dxe7 Kf7 37. Kf2 e5 38. Ke3 Rxe7 39. Bxe7 Kxe7 40. Ke4 Ke6 41. g4 b5 42. axb5 axb5 43. h4 b4 44. h5 gxh5 45. gxh5 Kf6 46. h6 Kg6 47. Kxe5 b3 48. h7 Kxh7 0-1

[Event "*** Titled Tuesday Blitz"]
[Site "Chess.com"]
[Date "2020.04.28"]
[Round "4"]
[White "WPWPWP-2015"]
[Black "chenxiaoyuer"]
[Result "1-0"]
[WhiteElo "2412"]
[BlackElo "2133"]
[TimeControl "180+1"]
[EndTime "10:41:13 PDT"]
[Termination "WPWPWP-2015 won by resignation"]

1. e4 c5 2. Nf3 d6 3. d4 cxd4 4. Nxd4 Nf6 5. Nc3 Nc6 6. Bg5 e6 7.
f4 Qb6 8. Nb3 Be7 9. Bd3 h6 10.
Bh4 g5 11. Bf2 Qd8 12. g3 Rg8 13. Qf3 a6 14. O-O-O Bd7 15. Rhe1 e5 16. f5 b5 17. Be2 Rc8 18. Kb1 Qc7 19. Rd2 Qb7 20. Nd5 Nxd5 21. exd5 Nd8 22. g4 f6 23. Qh3 Nf7 24.
Bf3 Bd8 25. Nd4 Bb6 26. Nc6 Bxf2 27. Rxf2 Qc7 28. Rd2 Bxc6 29. dxc6 Ke7 30. Bd5 Rh8 31. Qh5 Rcf8 32. Rd3 Nd8 33. Qh3 h5 34. gxh5 Nxc6 35.
Rc3 Qa5 36. Bxc6 Rc8 37. Qe3 Rc7 38. Rd1 Rhc8 39. Bd5 Rxc3 40. bxc3 Rxc3 41. Qa7+ Rc7 42. Qb8 Qb4+ 43. Bb3 Qc5 44. Qg8 Kd7 45. Qe6+ Kc6 46. Qe8+ Kb6 47. Qb8+ Rb7 48. Qxd6+ Qxd6 49. Rxd6+ Kc5 50.
Rxf6 Rc7 51. Re6 Kb4 52. h6 Ka3 53. Rxe5 Kb4 54. Re1 Kc3 55. Rf1 Kd2 56. f6 Ke2 57. Rg1 Kf2 58. Rd1 Kg2 59. f7 Kxh2 60. f8=Q Kg3 61.
Qd6+ Kg2 62. Rd2+ 1-0

[Event "*** Titled Tuesday Blitz"]
[Site "Chess.com"]
[Date "2020.04.28"]
[Round "4"]
[White "Guenplen"]
[Black "GMKrikor"]
[Result "0-1"]
[WhiteElo "2943"]
[BlackElo "2731"]
[TimeControl "180+1"]
[EndTime "10:41:14 PDT"]
[Termination "GMKrikor won on time"]

1. d4 Nf6 2. Bf4 c5 3. d5 d6 4. Nc3 e5 5. Bd2 e4 6. h3 a6 7. a4 g6 8. Bf4 Nh5 9. Bc1 f5 10. e3 Bg7 11. Be2 Nf6 12. h4 Nbd7 13. Nh3 Ne5 14.
Nf4 Qe7 15. a5 Bd7 16. Na4 O-O 17. Nb6 Rae8 18. Bd2 Nfg4 19. Bc3 Bh6 20. g3 Bb5 21. h5 Bxe2 22. Qxe2 Nf3+ 23. Kd1 g5 24. Ne6 Rf7 25. Kc1 Rb8 26. Kb1 Qe8 27. Ra3 Re7 28. Rb3 Rxe6 29. dxe6 Qxe6 30. Rd1 Bf8 31. Nd5 h6 32. Rb6 Kf7 33. b4 cxb4 34. Bxb4 Nge5 35. Bc3 Nd7 36. Rb4 Nc5 37. Nb6 Rd8 38. Bd4 Be7 39. Bxc5 dxc5 40.
Rxd8 Bxd8 41. Rb2 Ne5 42. Qd1 Bc7 43. Nd5 Bxa5 44. Rxb7+ Kf8 45. Nc7 Bxc7 46. Qd2 Qc6 47. Rb3 c4 0-1

[Event "*** Titled Tuesday Blitz"]
[Site "Chess.com"]
[Date "2020.04.28"]
[Round "4"]
[White "GeorgMeier"]
[Black "Gahan-MG"]
[Result "0-1"]
[WhiteElo "3001"]
[BlackElo "2677"]
[TimeControl "180+1"]
[EndTime "10:41:14 PDT"]
[Termination "Gahan-MG won by resignation"]

1. Nf3 Nf6 2. g3 g6 3. Bg2 Bg7 4. d4 O-O 5. O-O d5 6. c4 Nc6 7. cxd5 Nxd5 8. Nc3 Nb6 9. d5 Na5 10. e4 c6 11. Bf4 cxd5 12. Nxd5 Nxd5 13. exd5 Bxb2 14.
Rb1 Bg7 15. Rc1 b6 16. Bc7 Qe8 17. d6 e5 18. Nxe5 Bxe5 19. Bxa8 Qd7 20. Re1 Bf6 21. Bf3 h5 22. Qd3 Kg7 23. Rcd1 Nb7 24. Qa6 Nc5 25. Qxa7 Qf5 26. Bg2 Nd3 27. Qxb6 Nxe1 28. Rxe1 h4 29. a4 h3 30. Bc6 Bc3 31. Rc1 Qf6 32. d7 Bd4 33.
dxc8=Q Rxc8 34. Qa5 Qxf2+ 35. Kh1 Qf6 36. Bb7 Re8 37. Rd1 Re2 38. Qd5 Rd2 39. Rb1 Qf2 40.
Be5+ Kh7 41. g4 Bxe5 42. Qxe5 Re2 43. Qg3 Qd4 44. Qxh3+ Kg7 45. Rg1 Qb6 46. Bg2 Qd6 47. Qg3 Qb4 48. g5 Qxa4 49. Qe5+ Rxe5 0-1

[Event "*** Titled Tuesday Blitz"]
[Site "Chess.com"]
[Date "2020.04.28"]
[Round "4"]
[White "Murad_Ibrahimli"]
[Black "Shuvalov"]
[Result "1-0"]
[WhiteElo "2751"]
[BlackElo "2466"]
[TimeControl "180+1"]
[EndTime "10:41:14 PDT"]
[Termination "Murad_Ibrahimli won on time"]

1. d4 d5 2. c4 c5 3. cxd5 Qxd5 4. Nf3 cxd4 5. Nc3 Qa5 6. Nxd4 Nf6 7. Nb3 Qc7 8. Bg5 e5 9. Rc1 Bb4 10. a3 Bxc3+ 11.
Rxc3 Nc6 12. Bxf6 gxf6 13. e3 Qb6 14. Bc4 Rg8 15. Qh5 Rg7 16. O-O Ke7 17. h3 Be6 18. Bxe6 fxe6 19. Nc5 Rd8 20. b4 a5 21. bxa5 Qxa5 22.
Rc4 Qb5 23. Rfc1 Rd5 24. Nxb7 Qxb7 25. Rxc6 Rd7 26. Qf3 Kf7 27. a4 Qa8 28. Qe4 Qb7 29. a5 Qa8 30. a6 Rg6 31. Qc4 Kg7 32. Qxe6 Rf7 33. g3 h5 34. Rc7 Qf8 35. Rxf7+ Qxf7 36. Qxf7+ Kxf7 37. Rc7+ Ke6 38. a7 Rg8 39. h4 Ra8 40. Kg2 Kf5 41. Rh7 Kg6 42. Rb7 Kf5 43. Kf3 e4+ 44.
Ke2 Kg6 45. Kd2 Rd8+ 46. Kc3 Rc8+ 47. Kd4 Ra8 48. Kxe4 Re8+ 49. Kf4 Ra8 50. e4 Kh6 51.
Kf5 1-0

[Event "*** Titled Tuesday Blitz"]
[Site "Chess.com"]
[Date "2020.04.28"]
[Round "4"]
[White "Pavalamalli"]
[Black "ega2006"]
[Result "0-1"]
[WhiteElo "2235"]
[BlackElo "2442"]
[TimeControl "180+1"]
[EndTime "10:41:15 PDT"]
[Termination "ega2006 won by resignation"]

1. e4 c5 2. Nf3 Nc6 3. Bb5 g6 4.
Bxc6 dxc6 5. d3 Bg7 6. Nc3 Nf6 7. O-O Nd7 8. h3 b6 9. Be3 Nf8 10. Nh2 e5 11. Ne2 Ne6 12. f4 exf4 13. Nxf4 Bxb2 14.
Rb1 Bg7 15. Ng4 Nxf4 16. Bxf4 Bxg4 17. Qxg4 O-O 18. Rf3 Qc8 19. Qh4 Qe6 20. Rbf1 Qxa2 21. Bh6 Qe6 22. Qg5 a5 23. Rf4 f6 24. Qh4 g5 25. Bxg5 fxg5 26. Qxg5 Rxf4 27. Rxf4 Rf8 28.
Rg4 Qf6 29. Qh5 Kh8 30. Rg5 Qf1+ 31. Kh2 Qf4+ 32. Kh1 h6 33. Rg6 Qf1+ 34. Kh2 Qf4+ 35. Kh1 Rf6 36. Rxf6 Qxf6 37. Qe8+ Kh7 38. Qb8 a4 39. Qxb6 a3 40. Qa5 Qa1+ 41. Kh2 a2 42. Qa8 Qe5+ 43. g3 a1=Q 0-1

[Event "*** Titled Tuesday Blitz"]
[Site "Chess.com"]
[Date "2020.04.28"]
[Round "4"]
[White "Soltan49"]
[Black "Sjakkerntobi"]
[Result "1-0"]
[WhiteElo "2421"]
[BlackElo "2191"]
[TimeControl "180+1"]
[EndTime "10:41:15 PDT"]
[Termination "Soltan49 won by checkmate"]

1. e4 e6 2. d4 d5 3. Nd2 a6 4. c3 c5 5. exd5 exd5 6. dxc5 Bxc5 7.
Ngf3 Nf6 8. Bd3 O-O 9. O-O Nc6 10. h3 Bb6 11. Nb3 Re8 12. Bg5 h6 13. Bh4 g5 14. Bg3 Ne4 15. Bxe4 dxe4 16. Nfd4 Nxd4 17. cxd4 Be6 18. Qh5 Qf6 19. Nc5 Bd5 20. Nd7 Qe6 21.
Nxb6 Qxb6 22. h4 Qg6 23. Qxg6+ fxg6 24. hxg5 hxg5 25. Be5 Kf7 26. a3 Ke6 27. Rac1 Rac8 28. Rfe1 Rc6 29. Rxc6+ Bxc6 30. Re3 Bd5 31. Rg3 Kf5 32.
Rc3 Re6 33. Rc7 Rc6 34. Rd7 Ke6 35. Rg7 Kf5 36. Kh2 Rc2 37. Rd7 Bc6 38. Rf7+ Kg4 39. b4 Bd5 40. Rf6 Rc6 41. Rf8 Rc2 42. a4 Ra2 43. a5 Rc2 44. Bd6 Bc6 45. Rf6 Rd2 46. Be5 Rc2 47. Rxg6 e3 48. f3+ Kf5 49.
Rf6# 1-0

[Event "*** Titled Tuesday Blitz"]
[Site "Chess.com"]
[Date "2020.04.28"]
[Round "4"]
[White "VolodymyrMolyboha"]
[Black "Funkmaus"]
[Result "1-0"]
[WhiteElo "2423"]
[BlackElo "2198"]
[TimeControl "180+1"]
[EndTime "10:41:16 PDT"]
[Termination "VolodymyrMolyboha won on time"]

1. e4 c6 2. d3 d5 3. Nd2 dxe4 4. dxe4 e5 5. Ngf3 Qc7 6. Bc4 Bc5 7. a4 Nf6 8. c3 a5 9. O-O O-O 10. Qc2 Bg4 11.
h3 Bh5 12. Re1 Nbd7 13. Nf1 Bxf3 14. gxf3 Nb6 15. Bb3 Qc8 16. Kh2 Nbd7 17. Ng3 b5 18. Rg1 g6 19. Nf5 Nh5 20. Bh6 Re8 21. Rad1 Ndf6 22.
Bg5 Ra7 23. Rd2 Rd7 24. Rxd7 Qxd7 25. Nh6+ Kg7 26. Nxf7 bxa4 27. Bc4 Nf4 28. Bxf4 exf4 29. Rd1 Qe7 30. Ng5 Nd5 31. Rg1 h6 32. exd5 hxg5 33. dxc6 Rc8 34. Bd5 Qf6 35. Qe4 Rh8 36. c7 Bxf2 37.
Rd1 Bg3+ 38. Kg2 Rc8 39. Qc4 a3 40. bxa3 Qc6 41. Qxc6 1-0

[Event "*** Titled Tuesday Blitz"]
[Site "Chess.com"]
[Date "2020.04.28"]
[Round "4"]
[White "FabriceWantiez"]
[Black "Batsai"]
[Result "0-1"]
[WhiteElo "2416"]
[BlackElo "2250"]
[TimeControl "180+1"]
[EndTime "10:41:17 PDT"]
[Termination "Batsai won by checkmate"]

1. e4 c6 2. d4 d5 3. Nc3 dxe4 4. Nxe4 Nf6 5. Nxf6+ exf6 6. Nf3 Bd6 7. g3 O-O 8. Bg2 Re8+ 9. Be3 Bg4 10. O-O Na6 11. c4 Qd7 12. Qb3 Nc7 13. Nd2 Ne6 14. f4 g6 15. h3 Be2 16. Rfe1 Bh5 17. g4 Bxf4 18. Bxf4 Nxf4 19. Nf3 Bxg4 20. hxg4 Qxg4 21. Qc2 h5 22.
Kf1 h4 23. Ng1 h3 24. Bf3 Qg3 25. Rxe8+ Rxe8 26. Qf2 Qg5 27. Re1 Rxe1+ 28. Qxe1 Kg7 29. Qd2 Qf5 30. Qh2 Qb1+ 31. Kf2 Qxb2+ 32. Kg3 Qxd4 33. Nxh3 Nxh3 34. Kxh3 Qd7+ 35. Kg3 Qd6+ 36. Kg2 Qxh2+ 37. Kxh2 f5 38. c5 Kf6 39. Kg3 Ke5 40. Bd1 Kd4 41. Bb3 f6 42. Bf7 g5 43. Bg6 f4+ 44. Kg4 Kxc5 45. Be4 Kd4 46. Bf5 c5 47.
Be6 c4 48. Kf3 c3 49. Ke2 f3+ 50. Kd1 f2 51. Bh3 g4 52. Bf1 g3 53. Ke2 f5 54.
Kf3 c2 55. Kxg3 c1=Q 56. Kxf2 Qe3+ 57. Kg2 f4 58. a4 Qg3+ 59. Kh1 f3 60. a5 f2 61. Bg2 Qh4+ 62. Bh3 Qxh3# 0-1

[Event "*** Titled Tuesday Blitz"]
[Site "Chess.com"]
[Date "2020.04.28"]
[Round "4"]
[White "Galileo22"]
[Black "Larina_Marija"]
[Result "1-0"]
[WhiteElo "2334"]
[BlackElo "2162"]
[TimeControl "180+1"]
[EndTime "10:41:17 PDT"]
[Termination "Galileo22 won on time"]

1. d4 f5 2. Nf3 Nf6 3. Qd3 d6 4. Nc3 g6 5. Bg5 Bg7 6. O-O-O O-O 7. Bxf6 Bxf6 8. e4 fxe4 9. Nxe4 Bg7 10. Qe3 Nc6 11. c3 e5 12. h4 Bg4 13. Be2 exd4 14. cxd4 d5 15. Nc5 Re8 16. Qd3 Bf5 17. Qd2 b6 18.
Nb3 a5 19. a3 a4 20. Na1 Na5 21. h5 Qd7 22. hxg6 hxg6 23. Bd3 Nc4 24. Bxc4 dxc4 25. Nc2 b5 26. Ne3 Rad8 27. Nxf5 Qxf5 28. Rh4 c5 29. d5 Qf6 30. Rf4 Qd6 31. Rg4 c3 32. bxc3 Qf6 33. Qc2 b4 34. Rxg6 Qf4+ 35. Kb1 b3 36. Qb2 Qf5+ 37. Ka1 Qxg6 38. d6 Rxd6 39. Rc1 1-0

[Event "*** Titled Tuesday Blitz"]
[Site "Chess.com"]
[Date "2020.04.28"]
[Round "4"]
[White "Cukiero"]
[Black "DDTerziev04"]
[Result "0-1"]
[WhiteElo "2478"]
[BlackElo "2324"]
[TimeControl "180+1"]
[EndTime "10:41:18 PDT"]
[Termination "DDTerziev04 won by resignation"]

1. e4 e6 2. d4 d5 3. Nd2 c5 4. exd5 exd5 5. Ngf3 Nc6 6. Bb5 cxd4 7. Nxd4 Bd7 8. Qe2+ Be7 9. Bxc6 bxc6 10. O-O Nf6 11. Re1 c5 12. N4b3 Be6 13. Nf3 h6 14. Qb5+ Qd7 15.
Qxd7+ Kxd7 16. Ne5+ Ke8 17. c3 Rc8 18. Be3 Nd7 19.
Nxd7 Kxd7 20. Rad1 Rhd8 21. f4 Ke8 22. Rd2 Kf8 23.
h3 h5 24. Kh2 g6 25. g3 Rd7 26. Rg1 a5 27. Nxa5 Ra7 28. b4 Raa8 29. a3 cxb4 30. cxb4 Rc3 31. Re1 Rxa3 32. Nc6 Ra2 33. Ree2 Rxd2 34. Rxd2 Ra3 35. Bd4 Rb3 36. Ra2 Bd7 37.
Ra8+ Be8 38. Ne5 Bd6 39. Nd7+ Ke7 40. Nf6 Bc6 41. Ra7+ Ke6 42. Ra6 Rxb4 43. Be5 Bxe5 44. fxe5 Rc4 45. g4 Kxe5 46. Nh7 hxg4 47. hxg4 Rc2+ 48. Kg3 d4 49. g5 d3 50. Nf6 d2 51.
Ra5+ Kd4 52. Ra1 Rc1 53. Ra8 d1=Q 54. Rd8+ Kc5 55. Rxd1 Rxd1 0-1

[Event "*** Titled Tuesday Blitz"]
[Site "Chess.com"]
[Date "2020.04.28"]
[Round "4"]
[White "Sethu0025"]
[Black "Mikedannnn"]
[Result "1-0"]
[WhiteElo "2832"]
[BlackElo "2526"]
[TimeControl "180+1"]
[EndTime "10:41:19 PDT"]
[Termination "Sethu0025 won on time"]

1. e4 c5 2. Nf3 e6 3. d4 cxd4 4. Nxd4 Nc6 5. Nc3 Qc7 6. Be3 a6 7. Qf3 d6 8. Nxc6 Qxc6 9. Bd3 b5 10. O-O Bb7 11. Qg3 Nf6 12. f3 h5 13. h4 g6 14. a4 b4 15. Na2 d5 16. Bd4 Bc5 17. Qe5 O-O-O 18. Nxb4 Qb6 19. c3 Nd7 20. a5 Qa7 21.
Bxc5 Qxc5+ 22. Qd4 e5 23. Qxc5+ Nxc5 24. exd5 Nxd3 25.
Nxd3 Rxd5 26. Nb4 Rd2 27. Rf2 Rhd8 28. Re1 f6 29. Rfe2 Kc7 30. Kf2 R2d6 31. Rc1 Kb8 32. Rce1 Ka7 33. Rc1 R8d7 34. Nc2 Rd8 35. Ne3 Bc6 36. b4 Bb5 37. c4 Be8 38. Nd5 Bf7 39. Nb6 Rd4 40. Rcc2 Re8 41. g3 f5 42. Re3 e4 43.
fxe4 fxe4 44. Kg2 Be6 45. Rf2 Bf5 46. Rfe2 Rd3 47. Rxd3 1-0

[Event "*** Titled Tuesday Blitz"]
[Site "Chess.com"]
[Date "2020.04.28"]
[Round "4"]
[White "DishonorOnYourCow"]
[Black "TregubovP"]
[Result "0-1"]
[WhiteElo "2320"]
[BlackElo "2513"]
[TimeControl "180+1"]
[EndTime "10:41:19 PDT"]
[Termination "TregubovP won on time"]

1. d4 Nf6 2. c4 e6 3. Nf3 Bb4+ 4. Nbd2 O-O 5. a3 Be7 6. e4 d6 7. Bd3 e5 8. O-O exd4 9. Nxd4 Nbd7 10. b4 a5 11. Bb2 axb4 12. axb4 Rxa1 13. Qxa1 c5 14. Nc2 Re8 15. b5 Bf8 16. Ne3 Ne5 17. Be2 Neg4 18.
Nxg4 Nxg4 19. h3 Ne5 20. f4 Nd7 21. Bf3 Qh4 22. Bg4 g6 23. Nf3 Qh6 24. f5 Rxe4 25. fxg6 hxg6 26. Re1 Qf4 27. Rxe4 Qxe4 28. Qa8 Qb1+ 29.
Kh2 Qxb2 30. Qxc8 Nf6 31. Qxb7 d5 32. cxd5 Bd6+ 33. Kg1 Qc1+ 34. Kf2 Ne4+ 35. Ke2 Nc3+ 36. Kd3 Na4 37. Qa8+ Kg7 38. Qxa4 Qf1+ 39. Ke3 Qxg2 40. Qa1+ Kg8 41. b6 f5 42. b7 fxg4 43. hxg4 Qg3 44. Qa8+ Kg7 45. Qc8 Qf4+ 46. Ke2 Qe4+ 47. Kf2 Qe7 48.
Nd2 c4 49. Nxc4 Bc5+ 50. Kf3 Ba7 51. Qa8 Qf6+ 52. Kg2 Qf2+ 0-1

[Event "*** Titled Tuesday Blitz"]
[Site "Chess.com"]
[Date "2020.04.28"]
[Round "4"]
[White "Training_Day"]
[Black "JessPinkman"]
[Result "0-1"]
[WhiteElo "2296"]
[BlackElo "2478"]
[TimeControl "180+1"]
[EndTime "10:41:20 PDT"]
[Termination "JessPinkman won on time"]

1. e4 c5 2. c3 Nf6 3. e5 Nd5 4. Nf3 d6 5. d4 cxd4 6. Qxd4 e6 7. Nbd2 Nc6 8. Bb5 Bd7 9. Bxc6 Bxc6 10. Nc4 dxe5 11. Ncxe5 Nf6 12. Qxd8+ Rxd8 13. Nxc6 bxc6 14. Be3 a6 15. c4 Bb4+ 16. Ke2 Ke7 17. Rhd1 Nd7 18. a3 Bd6 19. b4 Bc7 20. Nd4 Nb8 21. Nb3 f6 22. a4 g5 23. a5 h5 24. Bb6 Rxd1 25. Rxd1 Bxh2 26. g3 h4 27. Rh1 hxg3 28. fxg3 Rh3 29. Bc7 Nd7 30. Nd4 e5 31. Nf3 g4 32. Nxh2 Rxg3 33. Kf2 Rb3 34. Nxg4 Rxb4 35.
Rh7+ Ke6 36. Ne3 Nc5 37. Bb6 Ne4+ 38. Kf3 Nd2+ 39. Ke2 Nxc4 40. Nxc4 Rxc4 41. Ra7 f5 42.
Rxa6 f4 43. Ra8 Rb4 44. Re8+ Kf5 45. Rc8 Ra4 46. Rxc6 e4 47. Rc5+ Kg4 48. Bc7 Ra2+ 49. Kf1 Kf3 0-1

[Event "*** Titled Tuesday Blitz"]
[Site "Chess.com"]
[Date "2020.04.28"]
[Round "4"]
[White "BillCoe"]
[Black "Hippotaner"]
[Result "1/2-1/2"]
[WhiteElo "2064"]
[BlackElo "2247"]
[TimeControl "180+1"]
[EndTime "10:41:20 PDT"]
[Termination "Game drawn by repetition"]

1. e4 c5 2. Nf3 Nc6 3. Bb5 g6 4.
Bxc6 dxc6 5. d3 Bg7 6. h3 e5 7. O-O Qc7 8. Be3 b6 9. Qd2 Nf6 10. Bh6 O-O 11. Bxg7 Kxg7 12. Nc3 a5 13. a4 Ba6 14. Ne2 Rad8 15. Qc3 Rfe8 16. Ng3 Nd7 17.
b3 Nf8 18. Nh2 f6 19. Qd2 Ne6 20. h4 Qd6 21. Ng4 Nf4 22. Ne2 Nxe2+ 23. Qxe2 Bc8 24. Ne3 f5 25. Nc4 Qc7 26. exf5 Bxf5 27. g4 Bc8 28. Nd2 Qd7 29. f3 Qd4+ 30. Kg2 Rf8 31. Ne4 Rf4 32. Rae1 Rdf8 33. Ng5 h6 34. Nh3 R4f6 35. Qxe5 Qxe5 36. Rxe5 Bxg4 37. Re7+ Kg8 38. Ng1 Be6 39. Re1 Bd5 40. R1e3 R8f7 41. Re8+ Kg7 42. Kg3 Rf8 43. Rxf8 Kxf8 44.
Ne2 g5 45. hxg5 hxg5 46. Nc3 Kf7 47. Ne4 Bxe4 48. dxe4 Rd6 49. Rd3 Re6 50. Rd7+ Kg6 51. Rb7 b5 52. axb5 cxb5 53. Rxb5 c4 54. Rxa5 cxb3 55.
cxb3 Rb6 56. Ra3 Rb4 57. Kg4 Rb6 58. f4 gxf4 59. Kxf4 Kf6 60. Ke3 Ke5 61. Ra5+ Ke6 62. Kd4 Rxb3 63. Ra6+ Ke7 64. Ke5 Rb5+ 65. Kf4 Rb1 66.
Ke5 Rb5+ 67. Kf4 Rb1 68. Ke5 Rb5+ 1/2-1/2

[Event "*** Titled Tuesday Blitz"]
[Site "Chess.com"]
[Date "2020.04.28"]
[Round "4"]
[White "RodinMihail"]
[Black "Jospem"]
[Result "1/2-1/2"]
[WhiteElo "2540"]
[BlackElo "2831"]
[TimeControl "180+1"]
[EndTime "10:41:21 PDT"]
[Termination "Game drawn by repetition"]

1. e4 c5 2. Nf3 d6 3. d4 cxd4 4. Nxd4 a6 5. Nc3 e6 6. Qf3 Qc7 7. g4 b5 8. g5 Bb7 9. h4 Nd7 10. h5 Ne5 11. Qg2 b4 12. Nce2 d5 13. f4 Nc6 14. e5 Bc5 15. Be3 Nxd4 16. Nxd4 Ne7 17. g6 hxg6 18. hxg6 Rxh1 19. gxf7+ Kxf7 20. Qxh1 Bxd4 21. Bxd4 Qxc2 22. Qh5+ Kg8 23. Rd1 Qe4+ 24. Be2 Nf5 25. Qg6 Nxd4 26. Qxe4 dxe4 27. Rxd4 Bd5 28. Rxb4 a5 29.
Rd4 Bxa2 30. Rxe4 Bd5 31. Rd4 Rb8 32. Ra4 Rxb2 33. Rxa5 Rb4 34. Kd2 Rxf4 35. Bd3 g5 36. Ra7 Rf7 37. Rxf7 Kxf7 38. Ke3 Kg7 39. Kf2 Kh6 40. Kg3 Kh5 41. Be2+ Kh6 42. Bd3 Ba2 43. Kg4 Bb3 44. Kg3 Kh5 45. Be2+ Kg6 46. Bd3+ Kh6 47.
Kg4 Bd1+ 48. Kg3 Kh5 49. Bb5 g4 50. Bc4 Kg5 51. Bxe6 Bf3 52. Bxg4 Bxg4 53. e6 Bh5 54. e7 Be8 55. Kf3 Kf5 56. Ke3 Ke5 57. Kf3 Kd5 58.
Kg4 Ke6 59. Kg5 Kf7 60. Kh6 Bd7 61. Kg5 Be8 62. Kf4 Bd7 63. Kg5 Be8 1/2-1/2

[Event "*** Titled Tuesday Blitz"]
[Site "Chess.com"]
[Date "2020.04.28"]
[Round "4"]
[White "Frogo47"]
[Black "tacticthunder"]
[Result "1-0"]
[WhiteElo "2493"]
[BlackElo "2658"]
[TimeControl "180+1"]
[EndTime "10:41:21 PDT"]
[Termination "Frogo47 won by checkmate"]

1. e4 c5 2. Nf3 Nc6 3. Bb5 g6 4. O-O Bg7 5. Re1 Nf6 6. e5 Nd5 7. Nc3 Nc7 8. Bxc6 dxc6 9. Ne4 Ne6 10. d3 O-O 11. Be3 b6 12. Qd2 Nd4 13. Nxd4 cxd4 14.
Bh6 c5 15. Qf4 Qd5 16. Ng3 Qe6 17. a4 a5 18. b3 Qg4 19. Qd2 Bb7 20. f3 Qe6 21.
Re2 Rad8 22. Qg5 Rfe8 23. Bxg7 Kxg7 24. Nh5+ Kh8 25. Nf4 Qf5 26. Qxf5 gxf5 27. Kf2 Kg7 28. h3 Bc8 29. g4 f6 30. Rae1 fxg4 31. hxg4 Kf7 32.
exf6 Kxf6 33. Re5 Kf7 34. Nd5 e6 35. Nxb6 Bb7 36. Nc4 Bd5 37. Nxa5 Ke7 38. Nc4 Rf8 39. Nd2 Rf4 40. Kg3 Rf7 41. Rf1 Kd6 42. Re2 Rg8 43.
Rh2 Rfg7 44. Rff2 Rh8 45. Rh5 e5 46. Ne4+ Kc6 47. Rfh2 Rf7 48. Rxe5 Rhf8 49. Rh6+ Kb7 50. Rxd5 Rxf3+ 51. Kh4 Re3 52. Rf5 Rg8 53. Rxh7+ Kc6 54. Rf6+ Kd5 55. Rd6+ Ke5 56. Re7+ Kf4 57. Rf6# 1-0

[Event "*** Titled Tuesday Blitz"]
[Site "Chess.com"]
[Date "2020.04.28"]
[Round "4"]
[White "Bacyanide"]
[Black "MisiekZielony"]
[Result "1/2-1/2"]
[WhiteElo "2397"]
[BlackElo "2121"]
[TimeControl "180+1"]
[EndTime "10:41:21 PDT"]
[Termination "Game drawn by repetition"]

1. d4 d5 2. Nf3 Nf6 3. Bf4 c5 4. e3 cxd4 5. exd4 Nc6 6. Nbd2 Bg4 7. c3 e6 8. Bd3 Bd6 9. Bg3 O-O 10. O-O Rb8 11. Qe2 a6 12. a4 Rc8 13. Qe3 Bxf3 14. Nxf3 Re8 15. Ne5 Be7 16. f4 g6 17. Rf3 Nd7 18. Re1 Nf8 19. Bf2 f5 20. g4 Nxe5 21. fxe5 Bg5 22. Qe2 fxg4 23. Rg3 h5 24. Be3 Bh4 25. Rf1 Bxg3 26. hxg3 Rc7 27. Rf6 Rf7 28. Bg5 Rxf6 29. Bxf6 Qd7 30. Qe3 Re7 31. Qg5 Rg7 32.
Bxg7 Qxg7 33. c4 dxc4 34. Bxc4 Qd7 35. Kh2 Qxd4 36. Bxe6+ Nxe6 37. Qxg6+ Ng7 38. Qf6 Qd2+ 39. Kh1 Qd1+ 40. Kh2 Qf3 41. Qd8+ Kh7 42. Qd2 h4 43.
gxh4 g3+ 44. Kg1 Kg6 45. Qd6+ Kh7 46. Qd2 Nf5 47. e6 Qf2+ 48. Qxf2 gxf2+ 49. Kxf2 Kg6 50. Kf3 Kf6 51. Ke4 Kxe6 52. h5 Nh6 53. Kd4 Kd6 54.
b4 b6 55. Ke4 b5 56. axb5 axb5 57. Kf4 Kd5 58. Kg5 Ng8 59. Kg6 Ne7+ 60. Kf6 Ng8+ 61. Kg7 Ne7 62. Kf6 Ng8+ 63. Kg7 Ne7 64. Kf6 1/2-1/2

[Event "*** Titled Tuesday Blitz"]
[Site "Chess.com"]
[Date "2020.04.28"]
[Round "4"]
[White "SoltaniciR"]
[Black "12teen"]
[Result "1/2-1/2"]
[WhiteElo "2587"]
[BlackElo "2795"]
[TimeControl "180+1"]
[EndTime "10:41:22 PDT"]
[Termination "Game drawn - insufficient material"]

1. e4 a6 2. d4 b5 3. Nf3 Bb7 4.
Bd3 e6 5. O-O Nf6 6. Re1 d5 7.
exd5 Qxd5 8. Nc3 Qh5 9. Ne4 Nbd7 10. Qe2 Be7 11. a4 b4 12. Bf4 c5 13. dxc5 Nxc5 14. Nd6+ Bxd6 15. Bxd6 Bxf3 16. gxf3 Nxd3 17. cxd3 a5 18.
Rac1 Qd5 19. Qe5 Qxe5 20. Rxe5 Kd7 21. Bc5 Rhc8 22. d4 Nd5 23. Rg5 g6 24. Rg4 h5 25.
Re4 Ra6 26. Kg2 Rac6 27. Kg3 Nf6 28. Re2 Ke8 29. Kf4 Nd7 30. Rec2 e5+ 31. Ke4 f5+ 32.
Kd5 exd4 33. Re2+ Kf7 34. Re7+ Kg8 35. Rxd7 d3 36. Ke5 Rxc5+ 37. Rxc5 Rxc5+ 38. Kf6 Rc6+ 39. Kg5 Kf8 40. Rxd3 Rc2 41. b3 Rxf2 42. Kxg6 Rxh2 43. Kxf5 Rc2 44. f4 Rc3 45. Rd5 h4 46. Rxa5 h3 47.
Kg4 h2 48. Rh5 Rc2 49. a5 Kg7 50. a6 Kg6 51. f5+ Kf6 52. Rh6+ Ke5 53. a7 Ra2 54.
Rxh2 Rxa7 55. Re2+ Kd4 56. f6 Kc3 57. Kg5 Kxb3 58.
Kg6 Ka3 59. f7 Rxf7 60. Kxf7 b3 61. Re3 Ka2 62. Rxb3 Kxb3 1/2-1/2